[Event "31st MPL National U18 Chess-ch 2022"]
[Site "Pollachi"]
[Date "2022.04.22"]
[Round "10.9"]
[White "Rakshith Srinivasan"]
[Black "Midilesh MS"]
[Result "1-0"]
[ECO "B42"]
[WhiteElo "1856"]
[BlackElo "1470"]
[Annotator "NA RC COMBH"]
[PlyCount "83"]
[EventDate "2022.04.18"]
[EventCountry "IND"]
[SourceTitle "playchess.com"]
[Source "ChessBase"]
[SourceQuality "1"]
[TimeControl "5400+30"]

1. e4 c5 2. Nf3 e6 3. d4 cxd4 4. Nxd4 a6 5. Bd3 Nf6 6. O-O Qc7 7. Qe2 d6 8. c4 Nbd7 9. f4 Be7 10. Nc3 O-O 11. Be3 b6 12. g4 g6 13. g5 Nh5 14. Rac1 Bb7 15. f5 exf5 16. exf5 Rae8 $1 17. Nd5 {[%emt 0:00:30] [#]} (17. Qd2 $14 {keeps the upper hand.}) 17... Qb8 $2 (17... Bxg5 $1 $17 18. Nxc7 Bxe3+ 19. Rf2 Nf4) 18. Qd2 ({Don't do} 18. f6 $6 Bd8 $16) ({White should play} 18. fxg6 $18 hxg6 19. Qg2) 18... Nc5 $2 (18... Ne5 $16) 19. Nb3 $2 (19. Be2 $18) 19... Nxd3 20. Qxd3 {[%emt 0:01:30] [#]} Bd8 $1 21. Rce1 $17 b5 22. cxb5 Qa8 23. Nf6+ Bxf6 24. gxf6 Re4 25. h3 Rfe8 26. Na5 axb5 27. Nxb7 Qxb7 28. Qd2 Ng3 29. Rf3 Rg4 30. Qd1 Ne2+ 31. Kf2 Rxe3 32. Kxe3 Qe4+ 33. Kf2 Rf4 34. Qxe2 Rxf3+ 35. Qxf3 Qh4+ 36. Kf1 Qc4+ 37. Kg2 Qc2+ 38. Re2 Qxe2+ 39. Qxe2 h5 40. Qe8+ Kh7 41. Qxf7+ Kh6 42. Qxg6# 1-0

[Event "31st MPL National U18 Chess-ch 2022"]
[Site "Pollachi"]
[Date "2022.04.22"]
[Round "10.10"]
[White "Jani Kushal R"]
[Black "Sooriya B Y"]
[Result "1-0"]
[ECO "A07"]
[WhiteElo "1746"]
[BlackElo "1458"]
[Annotator "NA RC COMBH"]
[PlyCount "71"]
[EventDate "2022.04.18"]
[EventCountry "IND"]
[SourceTitle "playchess.com"]
[Source "ChessBase"]
[SourceQuality "1"]
[TimeControl "5400+30"]

1. Nf3 d5 2. g3 Nf6 3. Bg2 c6 4. O-O Bg4 5. h3 Bh5 6. d3 Nbd7 7. c4 e6 8. cxd5 cxd5 9. Qb3 Qb6 10. Qc2 Be7 11. Nc3 Rc8 12. Be3 Qd8 13. Qb3 b6 14. Rfc1 O-O 15. g4 Bg6 16. Nb5 Rxc1+ 17. Rxc1 a6 18. Nbd4 Nc5 19. Qc2 Bd6 20. b4 Ncd7 21. Qa4 e5 22. Nc6 Qa8 23. g5 e4 24. gxf6 exf3 25. Ne7+ Bxe7 26. fxe7 Re8 27. Bxf3 Rxe7 28. Qc6 Qxc6 29. Rxc6 Re8 30. Bxd5 Bf5 31. Kg2 h6 32. Rd6 Nf6 33. Bf3 Be6 34. Rxb6 Bxa2 35. Rxa6 Bd5 36. Rxf6 1-0

[Event "31st MPL National U18 Chess-ch 2022"]
[Site "Pollachi"]
[Date "2022.04.23"]
[Round "11.1"]
[White "Harshad S"]
[Black "Soham Kamotra"]
[Result "1/2-1/2"]
[ECO "B12"]
[WhiteElo "2328"]
[BlackElo "2229"]
[Annotator "TA"]
[PlyCount "61"]
[EventDate "2022.04.18"]
[EventCountry "IND"]
[SourceTitle "playchess.com"]
[Source "ChessBase"]
[SourceQuality "1"]
[TimeControl "5400+30"]

1. e4 c6 2. d4 d5 3. e5 Bf5 4. Nc3 e6 5. g4 Bg6 6. Nge2 c5 7. h4 h5 8. Nf4 Bh7 9. Nxh5 Nc6 {[%emt 0:00:26] B12: Caro-Kann: Advance Variation.} 10. dxc5 Bxc5 {[%emt 0:00:23] And now ...Qb6 would win.} 11. Bg5 {[%emt 0:04:13] [#] 11.Bg2 is vanishing.} Qa5 $146 {[%emt 0:25:46][%mdl 1024] Hoping for ...d4. Black has compensation. Black is slightly better.} (11... Qb6 $5 12. Nxg7+ Kf8 13. Nxe6+ fxe6 14. Qf3+ Ke8 $15) ({Predecessor:} 11... Qc7 12. f4 a6 13. Bd3 Bxd3 14. Qxd3 Nb4 15. Qe2 Rc8 16. a3 Nc6 17. Nxg7+ Kf8 {1-0 (34) Matlakov,M (2685)-Riazantsev,A (2628) Sochi 2020}) 12. Bg2 (12. Bb5 $11 {is superior.}) 12... Ba3 13. Bc1 {[%emt 0:26:33] [#]} (13. Nxg7+ Kf8 14. Bd2 (14. Nxe6+ fxe6 15. Bd2 Bxb2 $11) 14... Bxb2 15. Nxd5 Qc5 16. Nxe6+ fxe6 $11) (13. Bd2 $14 Bxb2 14. Nxd5 $1 (14. Nxg7+ Kf8 $11)) 13... O-O-O $1 14. O-O (14. Nxg7 Bf8 15. Nxe6 fxe6 $19) (14. Kf1 Qb4) 14... Bb4 ({Better is} 14... Be7 $15) 15. Bg5 (15. Nxg7 $11 d4 16. Bxc6 dxc3 17. Qf3 bxc6 18. bxc3 (18. Qxf7 cxb2 19. Bxb2 Bxc2 $17)) 15... Be7 $15 16. Re1 Bxg5 17. hxg5 d4 (17... Nge7 $15) 18. Ne4 {[%emt 0:03:53] Nd6+ is the strong threat.} Qxe5 {[%emt 0:00:00] Strongly threatening ...Bxe4.} 19. Qd2 Nge7 20. b4 (20. Nef6 $1 $11 Qb5 21. Nxh7 (21. Nxg7 Qxb2 22. Nxh7 Rxh7 $11) 21... Rxh7 22. Qf4) 20... Qb5 (20... Qc7 $17) 21. Rab1 Bxe4 22. Rxe4 Nd5 $36 {[%emt 0:00:00][%mdl 2048] Threatens to win with ...Nc3. Black is more active.} 23. Rxd4 (23. a4 $15 Qb6 24. b5) 23... Nxd4 $19 24. Qxd4 {[%emt 0:00:01] [#]} Qb6 ({Black should try} 24... g6 $1 $19 25. c4 Qb6) 25. Qc4+ $2 (25. Qxg7 $17 Rhg8 26. Qe5) 25... Qc7 26. Qd4 (26. Qxc7+ Kxc7 27. a3) 26... Qb6 $2 (26... Nc3 27. Qxa7 Nxb1) 27. Qc4+ ({Reject} 27. Qxg7 Rhg8 28. Qe5 Qd6 29. Qxd6 Rxd6 $17) 27... Qc7 $2 (27... Kb8 28. a4 Qd6) 28. Qd4 $1 Qb6 $2 (28... Nc3 29. Qxa7 Nxb1) 29. Qc4+ ({Don't play} 29. Qxg7 Rhg8 30. Qe5 Qd6 31. Qxd6 Rxd6 32. Bxd5 exd5 $17) 29... Qc7 $2 (29... Kb8 30. a4 Qd6) 30. Qd4 $1 Qb6 $2 (30... Nc3 31. Qxa7 Nxb1) 31. Qc4+ $1 {[%emt 0:00:01][%mdl 32768] Weighted Error Value: White=0.58/Black=1.34. An unexpected result.} ({But not} 31. Qxg7 Rhg8 32. Qe5 Qd6 33. Qxd6 Rxd6 $17) 1/2-1/2

[Event "31st MPL National U18 Chess-ch 2022"]
[Site "Pollachi"]
[Date "2022.04.23"]
[Round "11.2"]
[White "Krishnan Ritvik"]
[Black "Srihari L R"]
[Result "1/2-1/2"]
[ECO "B06"]
[WhiteElo "1761"]
[BlackElo "2400"]
[Annotator "TA"]
[PlyCount "65"]
[EventDate "2022.04.18"]
[EventCountry "IND"]
[SourceTitle "playchess.com"]
[Source "ChessBase"]
[SourceQuality "1"]
[TimeControl "5400+30"]

1. e4 g6 2. d4 Bg7 3. Nf3 d6 4. Bc4 c6 5. Bb3 Nf6 6. Qe2 O-O 7. O-O Qc7 8. Nc3 {[%emt 0:00:30] B06: Modern Defence.} e5 9. dxe5 dxe5 10. Rd1 Nbd7 {[%emt 0:00:30] [#]} 11. Qc4 $146 {[%emt 0:00:30][%cal Oc3b5] And now Nb5! would win.} ({Predecessor:} 11. a3 Nc5 12. Ba2 Be6 13. Bxe6 Nxe6 14. Be3 Nh5 15. g3 Rad8 16. Qc4 b5 17. Qb3 {0-1 (29) Cajka,T (1847)-Omelka,R (2120) Stare Mesto 2008}) 11... Nb6 12. Qc5 Nfd7 13. Qd6 {[%emt 0:00:30] 0x0.00249b13221edp-1022s more active pieces. The black rooks are badly placed.} Qxd6 14. Rxd6 Nc5 15. Be3 Nxb3 16. axb3 {[%emt 0:00:30] [#] Strongly threatening Bxb6.} ({Don't play} 16. cxb3 Bg4 $11) 16... Bg4 17. h3 Bxf3 18. gxf3 Rfe8 19. Na4 Bf8 20. Rd3 Nxa4 21. Rxa4 c5 22. Ra1 b6 23. Rd5 a5 24. c3 f6 25. Rd7 Rad8 26. Rad1 Rxd7 27. Rxd7 $11 {[%emt 0:00:30][%mdl 4096] Endgame KRB-KRB} Re6 28. Kf1 Rd6 29. Rb7 Rd1+ 30. Ke2 Rb1 31. Rxb6 Rxb2+ 32. Kd3 f5 33. Rb5 {[%emt 0:00:30] Weighted Error Value: White=0.07 (flawless) /Black=0.06 (flawless)} 1/2-1/2

[Event "31st MPL National U18 Chess-ch 2022"]
[Site "Pollachi"]
[Date "2022.04.23"]
[Round "11.3"]
[White "Apoorv Kamble"]
[Black "Vignesh B"]
[Result "1/2-1/2"]
[ECO "B32"]
[WhiteElo "1679"]
[BlackElo "2249"]
[Annotator "TA"]
[PlyCount "91"]
[EventDate "2022.04.18"]
[EventCountry "IND"]
[SourceTitle "playchess.com"]
[Source "ChessBase"]
[SourceQuality "1"]
[TimeControl "5400+30"]

1. e4 c5 2. Nf3 Nc6 3. d4 cxd4 4. Nxd4 e5 5. Nb5 d6 6. Bc4 a6 7. N5c3 Nf6 8. Bg5 {[%emt 0:00:09] B32: Sicilian: Löwenthal and Kalashnikov Variations.} Be6 9. Nd5 {[%emt 0:01:45] [#]} Bxd5 $146 (9... Be7) (9... b5 10. Bb3 Be7 11. Nxe7 Nxe7 12. Nc3 b4 13. Nd5 Nexd5 14. exd5 Bd7 15. O-O O-O) (9... Be7 $5 ) ({Predecessor:} 9... b5 10. Bb3 Be7 11. Nxe7 Nxe7 12. Nc3 b4 13. Nd5 Nexd5 14. exd5 Bd7 15. O-O O-O {0-1 (43) Rantanen,V-Laiho,H Finland 1990}) 10. Bxd5 {[%emt 0:01:22] White is slightly better.} Be7 11. Bxf6 Bxf6 12. O-O O-O 13. a4 Rc8 14. Na3 Qc7 15. Qd2 Nd4 16. c3 Ne6 17. g3 Bg5 18. Qe2 Nc5 19. a5 Nd7 20. Nc4 Kh8 21. Rfd1 g6 22. b3 Be7 23. Qc2 {[%emt 0:01:52] White is much more active.} Kg7 24. Rd2 h5 25. Qd1 h4 26. Qe2 Rh8 27. Rad1 Nf6 28. Qf3 hxg3 29. fxg3 Rb8 (29... Rcf8 $14 {is more appropriate.}) 30. Rf2 Rbf8 31. Nb6 Nd7 (31... Bd8) (31... Bd8 $16 {was called for.}) 32. Nxd7 $18 Qxd7 33. Rdf1 (33. Bxf7 d5 34. Rdf1 (34. exd5 e4) (34. Rxd5 Qc7)) (33. Bxf7 $18 {Hoping for Rdf1.} d5 34. Rdf1 (34. exd5 e4 $11) (34. Rxd5 Qc7 $14)) 33... Bd8 (33... f6) (33... f6 $16) 34. Qd3 (34. Bxf7 Rh6 35. Qd3) (34. Bxf7 $18 {has better winning chances. Threatens to win with b4.} Rh6 35. Qd3) 34... f6 $16 35. b4 $36 {[%emt 0:00:05][%mdl 2048] White is in control.} Be7 (35... Rh7 36. Ba2 Kh8) 36. Qe3 (36. b5) 36... Rc8 37. Rf3 Rc7 38. Qf2 Rf8 39. c4 Rcc8 {[%emt 0:00:21] [#]} (39... Rfc8 40. Rxf6 Bxf6 41. Qxf6+ Kh6) (39... Qg4 $16 40. Kg2 Qc8) 40. Qa7 (40. g4 $1 $18) 40... Rb8 (40... Rc7 $16 41. Qf2 Rcc8) 41. Qf2 $2 (41. Rb3) (41. b5 $18) 41... Bd8 $2 (41... Rbc8 $11) 42. Kh1 Be7 43. Rd1 Qg4 (43... Rh8 $16 {keeps fighting.} 44. Qb6 Rh7) 44. Rf1 Qd7 $1 {[%emt 0:01:07] Inhibits b5.} 45. Rc1 Rbc8 46. Qe2 {Weighted Error Value: White=0.24 (precise) /Black=0.23 (precise)} 1/2-1/2

[Event "31st MPL National U18 Chess-ch 2022"]
[Site "Pollachi"]
[Date "2022.04.23"]
[Round "11.4"]
[White "Rakshith Srinivasan"]
[Black "Ilamparthi A R"]
[Result "0-1"]
[ECO "B86"]
[WhiteElo "1856"]
[BlackElo "1969"]
[Annotator "TA"]
[PlyCount "101"]
[EventDate "2022.04.18"]
[EventCountry "IND"]
[SourceTitle "playchess.com"]
[Source "ChessBase"]
[SourceQuality "1"]
[TimeControl "5400+30"]

1. e4 c5 2. Nf3 d6 3. d4 cxd4 4. Nxd4 Nf6 5. Nc3 a6 6. Bc4 e6 7. Bb3 Be7 {[%emt 0:00:10] Recently 7...Nbd7 got a lot of attention.} 8. g4 h6 9. Be3 {[%emt 0:00:31] B86: Sicilian Scheveningen/Najdorf: 6 Bc4, without early ...b5.} Nc6 (9... b5) 10. f3 {[%emt 0:00:36] [#]} Ne5 $146 (10... Qc7 11. Qd2 Ne5 12. h4 b5 13. O-O-O Nc4 14. Bxc4 Qxc4 15. g5 Nh5 16. Kb1 hxg5 17. Bxg5) ({Predecessor:} 10... Qc7 11. Qd2 Ne5 12. h4 b5 13. O-O-O Nc4 14. Bxc4 Qxc4 15. g5 Nh5 16. Kb1 hxg5 17. Bxg5 {1-0 (28) Grover,S (2511)-Zhao,J (2610) Chess.com INT 2019}) 11. Qe2 {[%emt 0:04:17] White is slightly better.} b5 $1 12. O-O-O {[%emt 0:00:51] And now h4 would win.} b4 $1 13. Nb1 a5 14. Ba4+ (14. f4 Nexg4 15. e5) (14. f4 $14 Nexg4 15. e5 Nxe3 16. Qxe3 (16. exf6 Nxd1 17. Ba4+ Bd7 $14)) 14... Kf8 (14... Bd7 15. Bxd7+ Qxd7) 15. Nd2 Ba6 16. Bb5 (16. Qg2 $1 $14) 16... Bxb5 $11 17. Qxb5 (17. Nxb5 $11 Qd7 18. h4) 17... Qc7 (17... a4) 18. Kb1 a4 19. Qe2 (19. h4) (19. h4 $11 {keeps the balance.}) 19... a3 $17 20. Nb5 Qc6 21. bxa3 (21. b3) 21... bxa3 (21... Qa6 22. Ka1 Rb8) 22. Nb3 {[%emt 0:01:43] [#]} (22. c4) (22. c4 $17) 22... Rb8 (22... Nxf3 $1 $19 23. Qxf3 Qxb5) 23. N5d4 Qc7 $40 {[%emt 0:00:00][%mdl 128] Black goes for the king. Black is more active.} 24. Bc1 (24. h4) (24. h4 $17) 24... d5 $19 25. h3 dxe4 26. fxe4 Nfd7 (26... g6 $19 27. Rhf1 Kg7) 27. Nf3 (27. h4 $17 {was called for.}) 27... Kg8 28. Nxe5 Nxe5 29. h4 g6 30. g5 h5 31. Rh3 Kh7 32. Qh2 Bf8 33. Rf1 Bg7 34. Qe2 Rhc8 35. c3 Qa5 36. Kc2 $2 (36. Qc2 Rb7 37. Ka1) 36... Qa4 37. Bf4 Nc6 {[%emt 0:00:48] aiming for ...Nd4+.} 38. Kd2 Rxb3 39. axb3 Qxb3 40. Rc1 Qb2+ (40... a2 41. Qa6 Qb2+ 42. Ke1 (42. Kd1 Rd8+ 43. Ke1) 42... Be5) (40... a2 $142 41. Qa6 Qb2+ 42. Kd1 Rd8+ 43. Rd3 Rxd3+ 44. Qxd3 Bxc3 $1 ) 41. Kd1 {[%emt 0:00:52] Threatens to win with Qxb2.} Qb3+ (41... Qb6 42. Rf3 Rd8+ 43. Ke1 a2) ({Black should try} 41... Qb6 $19 42. Rf3 Rd8+ 43. Ke1 a2 44. Qxa2 Qg1+ 45. Ke2 (45. Rf1 $2 Bxc3+ 46. Rxc3 Rd1+ 47. Kxd1 Qxf1+ 48. Kd2 Qf2+ 49. Kd1 Qxa2 $19) 45... Qg2+ 46. Rf2 Qxe4+ 47. Kf1 {[#]} Bxc3 $1 ) 42. Qc2 (42. Kd2 $11 a2 43. Qa6 Qb2+ 44. Kd1 Rd8+ 45. Rd3 Rxd3+ 46. Qxd3 Bxc3 47. Qxc3 Qxc3 48. Rxc3 a1=Q+ 49. Kd2 Qb2+ 50. Rc2 Qd4+ 51. Kc1) 42... Qc4 {[%emt 0:01:07] Hoping for ...Qf1+.} 43. Qe2 {[%emt 0:00:47] Prevents Qf1+.} Qc5 {[%emt 0:01:08][%cal Oa3a2] White must now prevent ...a2!} (43... Qa4+ 44. Qc2 Qa7) 44. Rd3 (44. Rf3 Rd8+ 45. Ke1) (44. Rf3 $142 a2 45. Qxa2 Qg1+ 46. Ke2 Qg2+ 47. Rf2 Qxe4+ 48. Kf1) 44... Na5 45. Bd6 Qc6 (45... Qg1+ 46. Qe1 Qxe1+ 47. Kxe1) 46. e5 $2 (46. Bb4 Nb3 47. Rc2) (46. Bb4 Nb3 47. Rd6) 46... Nc4 {[%emt 0:00:09][%cal Oa3a2] Strongly threatening ...a2! Black is clearly winning.} 47. Rb1 Nb2+ 48. Rxb2 axb2 49. Qxb2 Qh1+ 50. Kc2 Qxh4 51. Qb7 {[%emt 0:00:30] Weighted Error Value: White=0.66/Black=0.41} 0-1

[Event "31st MPL National U18 Chess-ch 2022"]
[Site "Pollachi"]
[Date "2022.04.23"]
[Round "11.5"]
[White "John Veny Akkarakaran"]
[Black "Dinesh Kumar Jaganathan"]
[Result "0-1"]
[ECO "B92"]
[WhiteElo "1687"]
[BlackElo "1943"]
[Annotator "TA"]
[PlyCount "58"]
[EventDate "2022.04.18"]
[EventCountry "IND"]
[SourceTitle "playchess.com"]
[Source "ChessBase"]
[SourceQuality "1"]
[TimeControl "5400+30"]

1. e4 c5 2. Nf3 d6 3. d4 cxd4 4. Nxd4 Nf6 5. Nc3 a6 6. Be2 e5 7. Nf3 Be7 8. Bg5 Nbd7 9. a4 {[%emt 0:00:11] 9.a4 is better than 9.0-0. B92: Sicilian Najdorf: 6 Be2.} O-O (9... Qb6 $5 ) 10. Nd2 b6 ({Black should play} 10... d5 $11) 11. Nc4 $14 {[%emt 0:02:40] White is slightly better.} Qc7 12. O-O Bb7 13. f3 {[%emt 0:01:23] [#]} (13. Ne3 $14) 13... b5 $146 ({Predecessor:} 13... h6 14. Bh4 Rfe8 15. Bf2 Rac8 16. Ne3 Bf8 17. Bc4 Qb8 18. Qe2 Nc5 19. Rfd1 Ne6 20. Bxa6 {1-0 (57) Salinas Herrera,P (2514)-Potapova,M (2270) Chess.com INT 2020}) 14. Ne3 {[%emt 0:18:58] [#] aiming for Nf5.} b4 15. Nf5 Bd8 16. Na2 d5 17. Qe1 (17. c3 $15) 17... dxe4 $17 18. Bh6 $2 {[%emt 0:06:20] Loses the game.} exf3 $19 19. Bxf3 e4 {[%emt 0:02:50] Really sharp!} 20. Be2 gxh6 21. Qh4 (21. a5 $142) 21... Kh8 22. Rad1 Qe5 23. Nd6 (23. Qxh6 $142 Rg8 24. Nd6) 23... Bd5 24. Qxh6 Qxd6 25. c4 Qc5+ 26. Kh1 Bc6 27. g4 Rg8 {[%emt 0:00:35] [#] Hoping for ...e3+.} 28. Rf5 e3+ 29. Kg1 Qxf5 {[%emt 0:00:05] Weighted Error Value: White=0.91/Black=0.14 (very precise)} 0-1

[Event "31st MPL National U18 Chess-ch 2022"]
[Site "Pollachi"]
[Date "2022.04.23"]
[Round "11.6"]
[White "Avinash Ramesh"]
[Black "Jani Kushal R"]
[Result "1/2-1/2"]
[ECO "D00"]
[WhiteElo "2402"]
[BlackElo "1746"]
[Annotator "TA"]
[PlyCount "108"]
[EventDate "2022.04.18"]
[EventCountry "IND"]
[SourceTitle "playchess.com"]
[Source "ChessBase"]
[SourceQuality "1"]
[TimeControl "5400+30"]

1. d4 Nf6 2. Nc3 d5 3. Bf4 g6 4. e3 Bg7 5. Nb5 Na6 6. h3 {[%emt 0:00:07] D00: 1 d4 d5: Unusual lines.} c6 7. Nc3 O-O 8. Nf3 c5 9. Bxa6 bxa6 10. dxc5 {[%emt 0:00:41] aiming for Be5.} Qa5 11. O-O Qxc5 12. Be5 {[%emt 0:00:04] [#]} Bb7 $146 ({Predecessor:} 12... Rd8 13. Bxf6 Bxf6 14. Ne4 Qb6 15. Nxf6+ Qxf6 16. Qd4 Qxd4 17. exd4 a5 18. Ne5 e6 {1-0 (26) Bharath,S (2508)-Wahedi,A (2284) Chess.com INT 2022}) 13. Qd4 Rfc8 14. Rac1 Qxd4 15. Bxd4 Nd7 16. Bxg7 Kxg7 17. Rfd1 Nb6 18. Nb1 f6 19. b3 e5 20. Nfd2 Rc7 21. c4 dxc4 22. bxc4 (22. Nxc4 $11 Rac8 23. Nba3) 22... Rd8 23. c5 Na4 24. Nb3 $1 Rxd1+ (24... Rdc8 {is more complex.} 25. Rd6 Kf8 26. Rxf6+ Ke7) 25. Rxd1 Be4 (25... Nxc5 $2 26. Nxc5 Kf7 27. Nxb7 Rxb7 28. Nc3 $18) 26. N1d2 Bd5 27. Rc1 e4 28. Rc2 Kf8 29. g4 h5 30. gxh5 gxh5 31. h4 Ke7 32. Kh2 f5 33. Kg1 Kf6 34. Kf1 Ke7 35. Ke2 Kf6 36. Kf1 Ke7 37. Nd4 Rxc5 38. Rxc5 Nxc5 39. Nxf5+ $11 {[%emt 0:00:00][%mdl 4096] Endgame KBN-KNN} Kf6 40. Ng3 Ke5 41. Nxh5 {[%emt 0:00:00] Pair of Knights!} Bxa2 42. Nf4 a5 {[%emt 0:00:00][%cal Ba6a5,Ba5a4,Ba4a3,Ba3a2][%mdl 32] And now ...a4 would win.} 43. Ke1 (43. h5 $11 {remains equal.}) 43... Kf5 (43... a4 $17 44. h5 a3) 44. Kd1 {[%emt 0:00:00] The position is equal.} a4 45. Kc2 a3 46. Ne2 Bf7 47. Nc3 a2 48. Kb2 Nd3+ 49. Ka1 Nb4 {[%emt 0:00:00] [#] ...Nc2+ is the strong threat.} 50. Kb2 {[%emt 0:00:00] Against Nc2} Nd3+ 51. Ka1 Nxf2 52. Ndxe4 Nxe4 53. Nxe4 Kxe4 54. h5 Ke5 $2 {[%emt 0:04:30] Weighted Error Value: White=0.10 (very precise) /Black=0.09 (flawless)} (54... Kf5 $11) 1/2-1/2

[Event "31st MPL National U18 Chess-ch 2022"]
[Site "Pollachi"]
[Date "2022.04.23"]
[Round "11.7"]
[White "Ayush Sharma"]
[Black "Manish Anto Cristiano F"]
[Result "0-1"]
[ECO "B90"]
[WhiteElo "2302"]
[BlackElo "2236"]
[Annotator "TA"]
[PlyCount "76"]
[EventDate "2022.04.18"]
[EventCountry "IND"]
[SourceTitle "playchess.com"]
[Source "ChessBase"]
[SourceQuality "1"]
[TimeControl "5400+30"]

1. e4 c5 2. Nf3 d6 3. d4 cxd4 4. Nxd4 Nf6 5. Nc3 a6 6. f3 e5 7. Nb3 h5 8. Be3 Be6 9. Qd2 Nbd7 10. Nd5 {[%emt 0:00:02] The main line 10.Nd5 scores better than 10.0-0-0. B90: Sicilian Najdorf: Unusual White 6th moves, 6 Be3 Ng4 and 6 Be3 e5.} Bxd5 11. exd5 b6 12. a4 {[%emt 0:17:58] [#] White is slightly better.} Be7 $146 ({Predecessor:} 12... Qc7 13. Be2 Be7 14. O-O O-O 15. c4 a5 16. Bd3 Nc5 17. Nxc5 bxc5 18. b3 Rfe8 {0-1 (49) Kupervaser,E (2364)-Nedobora,M (2351) Ramat Gan 2020}) 13. a5 {[%emt 1:18:10] next axb6 is good for White.} b5 14. Nc1 e4 15. f4 (15. Na2 $11) 15... Ng4 $15 16. Nb3 O-O (16... Qc7 {looks sharper.} 17. Nd4 Qc5 18. Be2 Qxd5 19. O-O Ndf6) 17. Be2 Nxe3 18. Qxe3 Nf6 19. O-O Rc8 20. Rac1 Qd7 21. Rfd1 Qf5 22. Nd4 Qxd5 23. Nxb5 Qa2 ({But not} 23... Qc5 24. Qxc5 Rxc5 25. Nxd6 $11) 24. Nxd6 Bxd6 25. Rxd6 Qxb2 26. c4 ({Don't go for} 26. Rxa6 $2 Nd5 27. Qd2 e3 $1 $19) 26... Rfd8 27. Rb6 Qa2 {[%emt 0:05:05] And now ...Rd2 would win.} 28. Rxa6 {[%emt 0:00:00] [#]} Nd5 $1 29. cxd5 ({White should try} 29. Qxe4 Nc3 30. Rxc3 Qa1+ 31. Kf2 Qxc3 32. Qe3) 29... Rxc1+ $17 {[%emt 0:00:06][%mdl 64] Deflection} 30. Qxc1 Qxe2 {[%emt 0:00:09][%mdl 4096] Endgame KQR-KQR} 31. Qf1 $2 {[%emt 0:00:00][%mdl 8192] Now White is beyond hope.} (31. Rb6 $17) 31... Qe3+ 32. Kh1 Qd3 33. Kg1 Qd4+ 34. Kh1 e3 {[%emt 0:02:48][%cal Be4e3,Be3e2][%mdl 32] ( -> ...e2!)} 35. Rb6 e2 {[%emt 0:00:11][%cal Re2f1] Black mates.} 36. Qe1 Qd1 37. Rb1 Rxd5 38. Kg1 {[%emt 0:00:00] [#]} Qxb1 $1 {[%emt 0:00:10][%mdl 512] Weighted Error Value: White=0.81/Black=0.04 (flawless)} 0-1

[Event "31st MPL National U18 Chess-ch 2022"]
[Site "Pollachi"]
[Date "2022.04.23"]
[Round "11.8"]
[White "Ayushh Ravikumar"]
[Black "Agarwal Mukund H"]
[Result "1-0"]
[ECO "A01"]
[WhiteElo "2269"]
[BlackElo "1611"]
[Annotator "TA"]
[PlyCount "103"]
[EventDate "2022.04.18"]
[EventCountry "IND"]
[SourceTitle "playchess.com"]
[Source "ChessBase"]
[SourceQuality "1"]
[TimeControl "5400+30"]

1. b3 e5 2. Bb2 Nc6 3. e3 d5 4. Bb5 Bd6 5. Nf3 Qe7 6. O-O {[%emt 0:00:00] A01: Nimzowitsch-Larsen Opening.} Nf6 7. d4 e4 8. Ne5 {[%emt 0:00:00] The position is equal.} Bd7 (8... O-O) 9. Bxc6 bxc6 10. c4 dxc4 11. bxc4 Rb8 12. Bc3 c5 13. Nd2 O-O $1 {[%emt 0:00:00] [#]} 14. Qc2 $146 ({Predecessor:} 14. f4 exf3 15. gxf3 cxd4 16. exd4 Bxe5 17. dxe5 Qc5+ 18. Rf2 Nh5 19. Ne4 Qc6 20. Rg2 {0-1 (33) Graham-Campeert,J Belgium 1984}) 14... Rfe8 15. Rad1 (15. Nxd7 Nxd7 16. d5) (15. Nxe4 $142 Bxe5 16. dxe5) 15... cxd4 $11 (15... Bxe5 16. dxe5 Ng4 17. Qxe4) (15... Bxe5 16. dxe5 Ng4 17. Qxe4 $16) 16. exd4 c5 {[%emt 0:01:00] [#] Strongly threatening ...cxd4.} 17. Nxd7 (17. Nxe4 Bf5 18. f3 (18. Nxf6+ Qxf6 19. Nd3 cxd4) 18... Bxe4 19. fxe4 cxd4) (17. Nxe4 Bf5 18. f3 (18. Nxf6+ $2 Qxf6 19. Nd3 cxd4 $19) 18... Bxe4 19. fxe4 cxd4 $19) 17... Nxd7 18. Rfe1 f5 19. Nb3 Rec8 20. f3 Nf6 ({Much less strong is} 20... Qh4 21. g3 Qh3 22. dxc5 Bxc5+ 23. Nxc5 Nxc5 24. fxe4 fxe4 25. Rd5 $16) 21. dxc5 Bxc5+ 22. Kh1 Bb4 23. Bxb4 Rxb4 24. c5 Qb7 (24... Rb6 $5) 25. Qc3 Qb8 {[%emt 0:00:00] [#]} (25... Ra4) (25... f4 $14) 26. Rd4 ({White should try} 26. c6 $1 $16 {[%cal Od1d8] Black must now prevent Rd8+!} Qb6 27. Rd6) 26... Rxd4 27. Qxd4 (27. Nxd4 Qe5 28. c6) ({White should play} 27. Nxd4 $16 Qe5 28. c6) 27... exf3 (27... Qb5) (27... Qb5 $11) 28. gxf3 (28. Qc4+ $14 Kh8 29. gxf3) 28... Qb7 29. Kg2 Qa6 30. Qd2 Qc4 31. Qe2 Qxe2+ 32. Rxe2 {[%emt 0:01:35][%mdl 4096] Endgame KRN-KRN} Kf7 33. h4 g6 34. Rd2 a5 35. Rd4 Ke6 36. Ra4 Ra8 37. Rxa5 Rxa5 38. Nxa5 {[%emt 0:01:00] KN-KN} Kd5 39. Nb3 Kc6 40. Kf2 Nd5 41. a4 f4 42. a5 Kb5 43. Ke2 {[%emt 0:00:00] And now Kd3 would win.} Nb4 44. Kd2 {Kc3 is the strong threat.} Kc4 45. Nc1 {[%cal Oc1d3] Hoping for Nd3!} Kb5 (45... Nc6 $11) 46. Kc3 $1 $14 {Threatens to win with Nd3.} Nc6 $2 (46... Kxa5 $14 47. Kc4 Nc2) 47. Nd3 $2 ({White has to play} 47. Nb3 $18 {aiming for Nd4+.} Ne7 48. Kd4) 47... Nxa5 $11 48. Kd4 Kc6 $2 (48... Nc6+ $11 {and Black stays safe.} 49. Kd5 Ne7+ 50. Ke5 Kc4) 49. Ne5+ $18 ({And not} 49. Nxf4 Nb3+ 50. Ke4 Nxc5+ 51. Ke5 Nb3 $11) 49... Kc7 50. Ke4 $2 (50. Kd5 $18) 50... Nb3 $1 $11 51. Nd3 Kd7 52. Kxf4 {[%mdl 32768] Weighted Error Value: White=0.28 (precise) /Black=0.29 (precise) . Sensor Board Error (Ke4/e5)?} 1-0